 Dungeon Crawl Stone Soup version 0.30-a0-40-gc6d0f036a7 (webtiles) character file.

Game seed: 13943048057573288661

3572 drugrobin the Slicer (level 9, -2/68 (70) HPs)
             Began as a Demigod Delver on Aug 29, 2022.
             Splashed by a brown ugly thing's acid (8 damage)
             ... on level 7 of the Dungeon.
             The game lasted 00:28:20 (8947 turns).

drugrobin the Slicer (Demigod Delver)               Turns: 8947, Time: 00:28:20

HP:   -2/68 (70)    AC:  2    Str: 13    XL:     9   Next: 54%
MP:   21/23         EV: 16    Int: 20    God:
Gold: 553           SH:  0    Dex: 19    Spells: 14/22 levels left

rFire   . . .      SeeInvis .    a - +1 dagger (elec)
rCold   . . .      Faith    .    (no shield)
rNeg    . . .      Spirit   .    w - +0 ring mail {rPois}
rPois   +          Reflect  .    M - +0 helmet
rElec   .          Harm     .    o - +0 cloak
rCorr   .          Rampage  .    J - +2 pair of gloves
Will    .....                    m - -1 pair of boots of Dramatic Exits {Regen+}
Stlth   ++........               (no amulet)
HPRegen 1.01/turn                C - ring of wizardry
MPRegen 0.18/turn                N - +4 ring of evasion

@: corroded, hasted, lightly drained, very quick
A: high MP 1, forlorn, divine attributes
a: no special abilities


You were on level 7 of the Dungeon.
You visited 1 branch of the dungeon, and saw 8 of its levels.
You also visited: Ossuary.

You collected 571 gold pieces.
You spent 18 gold pieces at shops.

Inventory:

Hand Weapons
 a - a +1 dagger of electrocution (weapon)
 b - a +0 sling
 c - a +3 dagger of freezing
 F - the +1 whip of Infinite Pain {vorpal, rC++ SInv}
   (You found it on level 5 of the Dungeon)

   It inflicts extra damage upon your enemies.
   rC:        It greatly protects you from cold.
   SInv:      It lets you see invisible.
 I - a +3 short sword
 O - a +4 dagger
Missiles
 B - 9 poisoned darts
 G - 14 boomerangs (quivered)
Armour
 i - the +1 leather armour of Distant Shores {Will+ Int+8 Dex-5}
   (You found it on level 3 of the Dungeon)

   Int:       It affects your intelligence (+8).
   Dex:       It affects your dexterity (-5).
   Will:      It increases your willpower.
 m - the -1 pair of boots of Dramatic Exits (worn) {Regen+}
   (You found it on level 2 of the Dungeon)

   Regen:     It increases your rate of health regeneration.
 o - a +0 cloak (worn)
 w - a +0 ring mail of poison resistance (worn)
 H - the +1 ring mail of the Old and Reckless {rCorr Int+3 Dex-3}
   (You took it off an orc on level 4 of the Dungeon)

   Int:       It affects your intelligence (+3).
   Dex:       It affects your dexterity (-3).
   rCorr:     It protects you from acid and corrosion.
 J - a +2 pair of gloves (worn)
 M - a +0 helmet (worn)
Magical Staves
 y - a staff of air
Jewellery
 C - a ring of wizardry (left hand)
 N - a +4 ring of evasion (right hand)
Wands
 g - a wand of digging (2)
 A - a wand of acid (5)
 E - a wand of flame (8)
Scrolls
 d - 3 scrolls of magic mapping
 e - a scroll of enchant armour {unknown}
 l - a scroll of enchant weapon {unknown}
 n - 10 scrolls of identify {unknown}
 r - a scroll of acquirement {unknown}
 s - 4 scrolls of teleportation {unknown}
 t - a scroll of brand weapon {unknown}
 u - a scroll of poison {unknown}
 x - 6 scrolls of noise {unknown}
 K - 2 scrolls of fog
 Q - a scroll of amnesia {unknown}
 R - 3 scrolls of immolation {unknown}
 S - a scroll of vulnerability {unknown}
Potions
 f - a potion of haste
 h - a potion of ambrosia {unknown}
 j - 2 potions of lignification {unknown}
 k - 2 potions of magic {unknown}
 p - 9 potions of curing {unknown}
 q - 4 potions of heal wounds {unknown}
 v - 2 potions of invisibility {unknown}
 z - 2 potions of brilliance {unknown}
 D - a potion of might {unknown}
 L - 2 potions of degeneration {unknown}
 P - 2 potions of attraction {unknown}


   Skills:
 + Level 3.6 Fighting
 - Level 10.0 Short Blades
 + Level 3.0 Dodging
 - Level 4.5 Stealth
 + Level 7.0 Spellcasting


You had 14 spell levels left.
You knew the following spells:

 Your Spells              Type           Power      Damage    Failure   Level
a - Poisonous Vapours     Pois/Air       14%        N/A       12%         2
b - Magic Dart            Conj           28%        1d4       9%          1
c - Mephitic Cloud        Conj/Pois/Air  7%         N/A       24%         3
d - Call Imp              Summ           7%         N/A       12%         2

Your spell library contained the following spells:

 Spells                   Type           Power      Damage    Failure   Level
 Corpse Rot               Necr/Pois/Air  7%         N/A       58%         4


Dungeon Overview and Level Annotations

Branches:
Dungeon (8/15)             Temple (0/1) D:5         Ossuary (visited)
   Lair: D:8-11

Shops:
D:3 (

Annotations:
D:6 2 transporters, GigaChad's ghost, novice MiFi
D:7 1 runed translucent door, exclusion: door, Crazy Yiuf


Innate Abilities, Weirdness & Mutations

You have an increased reservoir of magic. (+10% MP)
You shall have no god before yourself.
Your divine heritage dramatically boosts your attributes as you level up.


Message History

You feel drained.
Unknown command.
Unknown command.
Unknown command.
Unknown command.
You hit the brown ugly thing but do no damage.
The brown ugly thing is severely wounded.
Unknown command.
Unknown command.
You hit the brown ugly thing but do no damage.
The brown ugly thing is severely wounded.
The brown ugly thing claws you! The acid corrodes you!
You are splashed with acid!
The wight closely misses you.
Unknown command.
Unknown command.
Unknown command.
Unknown command.
Unknown command.
Okay, then.
Okay, then.
Okay, then.
Unknown command.
Aiming: Corrosive Bolt
Press: ? - help, Shift-Dir - straight line, f/p - wight
Aim: a wight, wielding a +0 halberd and wearing a +0 robe (71% to hit)
The bolt of acid hits the brown ugly thing.
The brown ugly thing is severely wounded.
The bolt of acid hits the wight.
The acid corrodes the wight!
The wight is moderately damaged.
The brown ugly thing claws you!
* * * LOW HITPOINT WARNING * * *
The acid corrodes you!
You are splashed with acid!
* * * LOW HITPOINT WARNING * * *
Unknown command.
Unknown command.
Unknown command.
You feel yourself speed up. The brown ugly thing claws you.
* * * LOW HITPOINT WARNING * * *
You are splashed with acid!
You die...

#....#...8#..#
#...P#
#....#....#..#
##P..#
#.)..#....#.##
##.##
#....'....#..#
##.#
######....#..#
#.## #....#..#
##.# #....##.#
#.## #....##.#
#+# #8.@.##.# ...
####u#..# #...#
........#..zB#..#
#)..#
...BB.°.#....#..#
#####
.......B#.)..#.##
....u...#uB..###
........#....#
........#....#
.......z#....#


You could see a boulder beetle and a brown ugly thing.

Vanquished Creatures
  A hornet (D:7)
  A steam dragon (D:6)
  Menkaure (D:5)
  2 water moccasins
  A sky beast (D:8)
  A black bear (D:6)
  2 orc warriors
  2 ice beasts (D:7)
  3 ogres
  2 phantoms
  2 centaurs
  2 necrophages (D:5)
  2 bullfrogs
  3 scorpions
  5 wights
  4 killer bees
  A howler monkey (D:4)
  2 hounds (D:5)
  3 jellies (D:7)
  4 orc priests
  Jessica (D:2)
  5 iguanas
  7 orc wizards
  A mummy (Ossuary)
  4 gnolls
  11 adders
  A shadow imp (D:5)
  A white imp (D:6)
  An ufetubus (D:5)
  The ghost of xian the Sneak, a weakling TrDe (D:4)
  4 dart slugs
  25 orcs
  2 spectral bats (Ossuary)
  4 ball pythons
  10 bats
  8 endoplasms
  3 giant cockroaches
  12 gnoll zombies (Ossuary)
  4 hobgoblins
  6 jackals
  5 kobolds
  8 quokkas
  2 frilled lizards (D:3)
  4 goblins
  6 goblin zombies (Ossuary)
  A hobgoblin zombie (Ossuary)
  A kobold zombie (Ossuary)
  10 orc zombies (Ossuary)
  7 rats
  2 spectral goblins (Ossuary)
  3 spectral kobolds (Ossuary)
  A spectral rat (Ossuary)
205 creatures vanquished.

Vanquished Creatures (collateral kills)
  An orc (D:6)
  2 bat simulacra (Ossuary)
  3 goblin simulacra (Ossuary)
  4 kobold simulacra (Ossuary)
  4 rat simulacra (Ossuary)
  A spectral kobold (Ossuary)
  A spectral rat (Ossuary)
16 creatures vanquished.

Vanquished Creatures (others)
  5 plants (D:5)
5 creatures vanquished.

Grand Total: 226 creatures vanquished

Notes
Turn   | Place    | Note
-------+----------+-------------------------------------------
     0 | D:5      | drugrobin the Demigod Delver began the quest for the Orb.
     0 | D:5      | Reached XP level 1. HP: 18/18 MP: 3/3
    42 | D:5      | Found a runed translucent gate.
    51 | D:5      | Found a runed translucent gate.
    57 | D:5      | Identified the +8 whip of Prudence {spect, rF+ Will+}
    57 | D:5      | Identified the +1 ring mail of the Old and Reckless {rCorr
                  | Int+3 Dex-3}
   150 | D:5      | Noticed an orc priest
   150 | D:5      | Noticed xian's ghost (weakling TrDe)
   291 | D:5      | Noticed a necrophage
   341 | D:3      | Reached skill level 2 in Short Blades
   423 | D:3      | Identified the +1 leather armour of Distant Shores {Will+
                  | Int+8 Dex-5}
   600 | D:3      | Reached XP level 2. HP: 16/25 MP: 4/4
   610 | D:3      | Found Genussu's Weapon Boutique.
   627 | D:3      | Bought a +0 sling for 18 gold pieces
   738 | D:2      | Reached skill level 3 in Short Blades
   953 | D:2      | Identified the -1 pair of boots of Dramatic Exits {Regen+}
   995 | D:2      | Noticed Jessica
  1281 | D:1      | Reached XP level 3. HP: 30/30 MP: 5/5
  1626 | D:1      | Learned a level 2 spell: Poisonous Vapours
  2585 | D:2      | Killed Jessica
  2586 | D:2      | Reached skill level 4 in Short Blades
  2586 | D:2      | Reached XP level 4. HP: 37/37 MP: 7/7
  2702 | D:2      | Learned a level 1 spell: Magic Dart
  2962 | D:3      | Reached skill level 1 in Spellcasting
  3461 | D:4      | Noticed an ogre
  3473 | D:4      | Killed an ogre
  3474 | D:4      | Reached XP level 5. HP: 24/42 MP: 8/10
  3565 | D:4      | Reached skill level 5 in Short Blades
  4069 | D:4      | Reached XP level 6. HP: 50/50 MP: 12/12
  4783 | D:5      | Found a staircase to the Ecumenical Temple.
  4861 | D:5      | Reached skill level 6 in Short Blades
  4894 | D:5      | Identified the +1 whip of Infinite Pain {vorpal, rC++ SInv}
  4950 | D:5      | Noticed Menkaure
  4961 | D:5      | Killed Menkaure
  4962 | D:5      | Reached XP level 7. HP: 9/56 MP: 13/15
  5255 | D:5      | Reached skill level 7 in Short Blades
  5454 | D:5      | Found a runed translucent gate.
  5843 | D:4      | Learned a level 3 spell: Mephitic Cloud
  5853 | D:4      | Killed xian's ghost
  6048 | D:5      | Learned a level 2 spell: Call Imp
  6164 | D:6      | Noticed a steam dragon
  6205 | D:6      | Reached XP level 8. HP: 46/62 MP: 9/17
  6207 | D:6      | Reached skill level 8 in Short Blades
  6559 | D:6      | Found a transporter.
  6561 | D:6      | Noticed GigaChad's ghost (novice MiFi)
  6659 | D:6      | Found a transporter.
  6744 | D:6      | Reached skill level 9 in Short Blades
  6744 | D:6      | Reached skill level 5 in Spellcasting
  7006 | D:7      | Noticed a hornet
  7012 | D:7      | Killed a hornet
  7138 | D:7      | Reached XP level 9. HP: 55/68 MP: 21/21
  7480 | D:7      | Reached skill level 10 in Short Blades
  7667 | D:7      | Found a runed translucent door.
  7668 | D:7      | Noticed Crazy Yiuf
  7946 | D:8      | Found a sand-covered staircase.
  7951 | Ossuary  | Entered an ossuary
  8918 | D:7      | Noticed a brown ugly thing
  8918 | D:7      | Noticed a boulder beetle
  8919 | D:7      | Noticed a boulder beetle
  8919 | D:7      | Noticed a boulder beetle
  8947 | D:7      | Splashed by a brown ugly thing's acid

Illustrated notes

Levels and vault maps discovered:
D:1:      elethiomel_arrival_diamonds, layout_basic,
          ebering_ecumenical_altar_hall, minmay_tetromino_i2
D:2:      layout_basic, kennysheep_generic_room_3, uniq_jessica
D:3:      layout_loops_ring, serial_shops, nicolae_shop_hallway_stairs,
          chequers_serial_rivers_micro_a
D:4:      layout_layer_cave, due_unseen_surprise
D:5:      layout_basic, nicolae_vehumet_radiance,
          minmay_temple_entry_gardened_gates, biasface_ghost_orc_armoury,
          grunt_decor_arrowhead, uniq_menkaure
D:6:      layout_rooms, gammafunk_ghost_stat_death, kennysheep_generic_room_16
D:7:      minmay_klotski, layout_cave_pools, general_overflow_altar,
          cheibrodos_ashenzari_chains, uniq_crazy_yiuf_cottage
D:8:      minmay_weird_star, layout_layer_cave, overflow_temple_1_default,
          gammafunk_temple_overflow_wave, erik_lair_orcish_takeover,
          enter_ossuary_2

Skill      XL: |  1  2  3  4  5  6  7  8  9 |
---------------+----------------------------+-----
Short Blades   | 2 3 4 5 6 7 9 10 | 10.0
Spellcasting   | 1 2 3 4 5 7 |  7.0
Dodging        | 3 |  3.0
Fighting       | 3 |  3.6
Stealth        | |  4.5

Action                   |  1- 3 |  4- 6 |  7- 9 || total
-------------------------+-------+-------+-------++-------
Melee: Short sword       |   118 |   152 |   113 ||   383
       Punch             |       |     6 |     6 ||    12
       Dagger            |       |       |   417 ||   417
 Fire: Sling             |    23 |    11 |       ||    34
Throw: Dart              |       |     6 |       ||     6
       Boomerang         |       |       |    22 ||    22
 Cast: Poisonous Vapours |       |       |    19 ||    19
       Mephitic Cloud    |       |       |     3 ||     3
       Call Imp          |       |       |    12 ||    12
Evoke: Wand              |       |     6 |     1 ||     7
  Use: Scroll            |     1 |       |       ||     1
       Potion            |       |       |     1 ||     1
 Stab: Sleeping          |     8 |     6 |    17 ||    31
       Confused          |       |       |     1 ||     1
       Distracted        |       |       |     3 ||     3
Armor: Leather armour    |    20 |       |       ||    20
       Ring mail         |     7 |    56 |   102 ||   165
Dodge: Dodged            |    57 |    96 |   219 ||   372

Table legend: (Time is in decaauts)
 A = Elapsed time spent in this place.
 B = Non-inter-level travel time spent in this place.
 C = Inter-level travel time spent in this place.
 D = Time resting spent in this place.
 E = Time spent auto-exploring this place.
 F = Levels seen in this place.
 G = Mean time per level.
                   A        B        C        D        E       F      G
               +--------+--------+--------+--------+--------+-----+--------+
         Total |   8710 |   8505 |    205 |    982 |   4882 |   9 |  967.8 |
       Dungeon |   8198 |   7993 |    205 |    960 |   4762 |   8 | 1024.8 |
       Ossuary |    512 |    512 |      0 |     22 |    120 |   1 |  512.0 |
               +--------+--------+--------+--------+--------+-----+--------+

Top non-repeatable levels by time:
     D:4: 1508 daAuts
     D:5: 1429 daAuts
     D:2: 1131 daAuts
     D:6: 1063 daAuts
     D:1: 1039 daAuts
     D:3: 923 daAuts
     D:7: 782 daAuts
 Ossuary: 512 daAuts
     D:8: 319 daAuts
